 Dungeon Crawl Stone Soup version 0.29-a0-414-g5075937ec3 (webtiles) character file.

Game seed: 17223016481568256809

78 xian the Magician (level 4, 0/30 HPs)
             Began as a Barachi Hedge Wizard on May 15, 2022.
             Succumbed to an adder's poison
             ... on level 2 of the Dungeon.
             The game lasted 00:13:05 (2240 turns).

xian the Magician (Barachi Hedge Wizard)            Turns: 2240, Time: 00:13:06

Health: 0/30       AC:  3    Str: 11    XL:     4   Next: 36%
Magic:  1/10       EV: 12    Int: 17    God:
Gold:   47         SH:  0    Dex: 11    Spells: 8/11 levels left

rFire   . . .      SeeInvis .   a - +0 dagger
rCold   . . .      Faith    .   (no shield)
rNeg    . . .      Spirit   .   b - +0 robe
rPois   .          Reflect  .   c - +0 hat
rElec   .          Harm     .   (no cloak)
rCorr   .          Rampage  .   h - +0 pair of gloves
Will    .....                   (no boots)
Stlth   ++........              (no amulet)
HPRegen 0.10/turn               (no ring)
MPRegen 0.12/turn               (no ring)

@: mighty, lethally poisoned (0 -> -6), attractive, flying, slow
A: amphibious, slowness 1, strong legs 1, +LOS
a: Hop


You were on level 2 of the Dungeon.
You visited 1 branch of the dungeon, and saw 2 of its levels.

You collected 47 gold pieces.

Inventory:

Hand Weapons
 a - a +0 dagger (weapon)
Armour
 b - a +0 robe (worn)
 c - a +0 hat (worn)
 h - a +0 pair of gloves (worn)
Jewellery
 l - a +6 ring of intelligence
Scrolls
 e - a scroll of fog {unknown}
 f - 2 scrolls of identify {unknown}
 m - a scroll of teleportation {unknown}
Potions
 k - a potion of heal wounds {unknown}


   Skills:
 + Level 0.3 Fighting
 + Level 0.5 Short Blades
 + Level 3.1 Dodging
 + Level 2.0 Stealth
 + Level 4.2 Spellcasting
 + Level 1.5 Conjurations
 + Level 1.7 Summonings
 + Level 1.1 Translocations


You had 8 spell levels left.
You knew the following spells:

 Your Spells              Type           Power      Damage    Failure   Level
a - Magic Dart            Conj           36%        1d4       9%          1
b - Call Imp              Summ           9%         N/A       12%         2

Your spell library contained the following spells:

 Spells                   Type           Power      Damage    Failure   Level
 Slow                     Hex            12%        N/A       16%         1
 Blink                    Tloc           14%        N/A       16%         2
 Corpse Rot               Necr/Air       6%         N/A       24%         2
 Poisonous Vapours        Pois/Air       6%         N/A       24%         2
 Conjure Flame            Conj/Fire      6%         6-21      32%         3
 Mephitic Cloud           Conj/Pois/Air  5%         N/A       36%         3


Dungeon Overview and Level Annotations

Branches:
Dungeon (2/15)

Altars:


Innate Abilities, Weirdness & Mutations

You are amphibious.
You cover ground slowly.
You can hop short distances.
You have an extended range of vision and can be seen from far away.


Message History

The adder bites your crimson imp but does no damage.
An orc comes into view. It is wielding a +0 mace.
Your crimson imp blinks!
You hit the orc priest but do no damage.
The orc priest is severely wounded.
The orc priest looks braver for a moment.
You hit the orc priest but do no damage.
The orc priest is severely wounded.
The orc priest hits you with a +0 dagger.
The orc priest mumbles some strange prayers to Beogh against you.
Beogh smites you!
Ouch! That really hurt!
Unknown command.
You see here an adder skeleton.
The orc priest looks encouraged for a moment.
Aiming: Magic Dart (safe; 10% risk of failure)
Press: ? - help, Q - select action, (/) - cycle Shift-Dir - straight line, f/p - orc priest
Aim: an orc priest, wielding a +0 dagger (severely wounded, 100% to hit)
The magic dart hits the orc priest.
You kill the orc priest!
You have reached level 4!
You feel clever. The adder attacks as you move away! The adder bites you.
You are poisoned.
The adder poisons you!
You feel sick.
You feel sick. The adder misses you.
It was a potion of might.
You feel very mighty all of a sudden.
You feel sick. The adder bites you.
* * * LOW HITPOINT WARNING * * *
You are more poisoned.
The adder poisons you!
It was a potion of attraction.
You feel attractive to monsters.
* * * LOW HITPOINT WARNING * * *
You feel sick. The adder barely misses you.
It was a potion of flight.
You feel very buoyant.
You fly up into the air.
You die...

######################
...........##........#
##########.##........####
#.##....o....).# #.##...@So..##.#
#.##.........#.# #.###+#.###.##S#
#.# #.#.. #.##.# . ##########.#
#.#####.##o#####....
.........#.###.......#....o5.S...
.........#.#......####.....o.....
...........#......# #...........
.........###......# #.......####


You could see an adder and 2 orcs.

Vanquished Creatures
  An orc priest (D:2)
  An adder (D:2)
  A worm (D:2)
  2 endoplasms (D:1)
  A giant cockroach (D:1)
  4 goblins
  4 hobgoblins
  A quokka (D:1)
  4 ball pythons
  5 bats
  A frilled lizard (D:2)
  A kobold (D:1)
  5 rats
31 creatures vanquished.

Vanquished Creatures (collateral kills)
  2 hobgoblins (D:1)
  A quokka (D:1)
3 creatures vanquished.

Grand Total: 34 creatures vanquished

Notes
Turn   | Place    | Note
-------+----------+-------------------------------------------
     0 | D:1      | xian the Barachi Hedge Wizard began the quest for the Orb.
     0 | D:1      | Reached XP level 1. HP: 13/13 MP: 4/4
   292 | D:1      | Reached XP level 2. HP: 19/19 MP: 3/6
   297 | D:1      | Learned a level 2 spell: Call Imp
   510 | D:1      | Found a faded altar of an unknown god.
  1360 | D:1      | Reached XP level 3. HP: 24/24 MP: 4/8
  1937 | D:2      | Reached skill level 4 in Spellcasting
  2234 | D:2      | Reached XP level 4. HP: 12/30 MP: 0/10
  2239 | D:2      | HP: 1/30 [poisoned by an adder]
  2240 | D:2      | Succumbed to an adder's poison

Illustrated notes

Levels and vault maps discovered:
D:1:      wander_arrival_lonely_grave, layout_loops_ring,
          hellmonk_ecumenical_altar_run_dry
D:2:      layout_basic, kennysheep_generic_room_9, uniq_natasha

Skill      XL: |  1  2  3 |
---------------+----------+-----
Dodging        | 3 |  3.1
Stealth        | 2 |  2.0
Spellcasting   | 4 |  4.2
Fighting       | |  0.3
Short Blades   | |  0.5
Conjurations   | |  1.5
Summonings     | |  1.7
Translocations | |  1.1

Action                   |  1- 3 |  4- 6 || total
-------------------------+-------+-------++-------
Melee: Dagger            |    65 |       ||    65
 Cast: Magic Dart        |    61 |       ||    61
       Call Imp          |     6 |       ||     6
  Use: Potion            |     1 |     3 ||     4
Armor: Robe              |    20 |       ||    20
Dodge: Dodged            |    65 |     2 ||    67

Table legend: (Time is in decaauts)
 A = Elapsed time spent in this place.
 B = Non-inter-level travel time spent in this place.
 C = Inter-level travel time spent in this place.
 D = Time resting spent in this place.
 E = Time spent auto-exploring this place.
 F = Levels seen in this place.
 G = Mean time per level.
                   A        B        C        D        E       F      G
               +--------+--------+--------+--------+--------+-----+--------+
         Total |   2417 |   2383 |     34 |    415 |   1436 |   2 | 1208.5 |
       Dungeon |   2417 |   2383 |     34 |    415 |   1436 |   2 | 1208.5 |
               +--------+--------+--------+--------+--------+-----+--------+

Top non-repeatable levels by time:
     D:1: 1690 daAuts
     D:2: 727 daAuts
